 Dungeon Crawl Stone Soup version 0.28-a0-533-g9f97627e2a (webtiles) character file.

Game seed: 5711292707102802864

8 tatocazan the Skirmisher (level 2, 0/24 HPs)
             Began as a Demonspawn Fighter on Sept 25, 2021.
             Killed from afar by a dart slug (2 damage)
             ... with a slug dart
             ... on level 1 of the Dungeon.
             The game lasted 00:00:16 (106 turns).

tatocazan the Skirmisher (Demonspawn Fighter)        Turns: 106, Time: 00:00:17

Health: 0/24       AC:  6    Str: 16    XL:     2   Next: 0%
Magic:  2/2        EV:  9    Int:  9    God:
Gold:   0          SH:  4    Dex: 12    Spells: 1/1 levels left

rFire   . . .      SeeInvis .   a - +0 war axe
rCold   . . .      Faith    .   c - +0 buckler
rNeg    . . .      Spirit   .   b - +0 scale mail
rPois   .          Reflect  .   (helmet restricted)
rElec   .          Harm     .   (no cloak)
rCorr   .          Rampage  .   (no gloves)
Will    .....                   (no boots)
Stlth   ..........              (no amulet)
HPRegen 0.08/turn               (no ring)
MPRegen 0.08/turn               (no ring)

@: no status effects
A: horns 1
a: no special abilities


You were on level 1 of the Dungeon.
You visited 1 branch of the dungeon, and saw 1 of its levels.

Inventory:

Hand Weapons
 a - a +0 war axe (weapon)
Armour
 b - a +0 scale mail (worn)
 c - a +0 buckler (worn)
Scrolls
 e - a scroll of enchant weapon {unknown}
Potions
 d - a potion of might


   Skills:
 + Level 3.1 Fighting
 + Level 2.0 Axes
 + Level 2.8 Armour
 + Level 2.8 Shields


You had one spell level left.
You didn't know any spells.
Your spell library was empty.

Dungeon Overview and Level Annotations

Branches:
Dungeon (1/15)

Altars:


Innate Abilities, Weirdness & Mutations

You have a pair of small horns on your head.


Message History

The giant cockroach barely misses you. You block the dart slug's attack.
You block the giant cockroach's attack. The endoplasm freezes you.
You are frozen.
* * * LOW HITPOINT WARNING * * *
The giant cockroach bites you but does no damage.
The dart slug bites you but does no damage.
You take 1 damage, and have 7/24 hp.
The endoplasm freezes you.
You are frozen.
* * * LOW HITPOINT WARNING * * *
The giant cockroach bites you but does no damage.
You take 1 damage, and have 6/24 hp.
The giant cockroach bites you.
* * * LOW HITPOINT WARNING * * *
The endoplasm barely misses you.
The dart slug bites you but does no damage.
You take 2 damage, and have 4/24 hp.
The giant cockroach bites you.
* * * LOW HITPOINT WARNING * * *
The endoplasm freezes you.
You are frozen.
* * * LOW HITPOINT WARNING * * *
The dart slug barely misses you.
You take 2 damage, and have 2/24 hp.
The giant cockroach bites you but does no damage.
You block the endoplasm's attack.
The giant cockroach bites you but does no damage.
The endoplasm hits you but does no damage.
You block the dart slug's attack. The giant cockroach misses you.
The endoplasm barely misses you.
The giant cockroach bites you but does no damage.
The dart slug bites you but does no damage.
The giant cockroach barely misses you. The endoplasm misses you.
The giant cockroach waves its antennae.
The giant cockroach bites you but does no damage.
You block the endoplasm's attack. The dart slug launches a dart at you.
The slug dart hits you.
You die...

........[......#. ....>..
............##... ......#
...≈§§≈≈≈≈≈≈≈.... .......
...≈8§≈§≈≈≈8≈....#.......
..§≈≈8≈≈≈≈8≈≈.###w†....>.
..§≈≈≈####≈≈≈.##.b#.....#
...≈≈≈#<.#≈§≈.....# ...##
.#.≈≈≈#..#≈≈≈.w##.# ###
.[.≈≈≈#''#≈≈≈.J@BB#
#..≈≈8≈≈≈≈8≈≈..####
...≈8≈≈≈§§≈8≈.##
##.≈≈≈≈≈§≈§≈≈.#
###....§.§##.#
#.......##.# #.......##.#
#......###.# #......###.#


You could see a dart slug, an endoplasm and 2 giant cockroaches.

Vanquished Creatures
  A ball python (D:1)
  3 bats (D:1)
  2 giant cockroaches (D:1)
  A hobgoblin (D:1)
7 creatures vanquished.

Notes
Turn   | Place    | Note
-------+----------+-------------------------------------------
     0 | D:1      | tatocazan the Demonspawn Fighter began the quest for the
                  | Orb.
     0 | D:1      | Reached XP level 1. HP: 18/18 MP: 1/1
    97 | D:1      | Gained mutation: You have a pair of small horns on your
                  | head. [demonic ancestry]
    97 | D:1      | Reached XP level 2. HP: 8/24 MP: 2/2
   106 | D:1      | Killed from afar by a dart slug

Illustrated notes

Levels and vault maps discovered:
D:1:      lightli_arrival_boilingwater, layout_rooms,
          shapermc_ecumenical_altar_totnotflames, serial_shops,
          nicolae_shop_window_shopping

Skill      XL: |  1 |
---------------+----+-----
Axes           | 2 |  2.0
Fighting       | |  3.1
Armour         | |  2.8
Shields        | |  2.8

Action                   || total
-------------------------++-------
Melee: War axe           ||    24
Armor: Scale mail        ||    40
Dodge: Dodged            ||    36
Block: Buckler           ||    14

Table legend: (Time is in decaauts)
 A = Elapsed time spent in this place.
 B = Non-inter-level travel time spent in this place.
 C = Inter-level travel time spent in this place.
 D = Time resting spent in this place.
 E = Time spent auto-exploring this place.
 F = Levels seen in this place.
 G = Mean time per level.
                   A        B        C        D        E       F      G
               +--------+--------+--------+--------+--------+-----+--------+
         Total |    119 |    119 |      0 |      0 |     58 |   1 |  119.0 |
       Dungeon |    119 |    119 |      0 |      0 |     58 |   1 |  119.0 |
               +--------+--------+--------+--------+--------+-----+--------+

Top non-repeatable levels by time:
     D:1: 119 daAuts
